General information
- name: BNet
- type: Ladder team game (AT/RT)
- host: Battle.net
- saver: sc2no.wc4yes
map: Mur'gulOasis
- players: 8
- length: 07:35
- speed: Fast
- version: 1.26 W3XP
- replay type: Public
» download(47 KB)
Players
team 1 (loser)

»
sc2no.wc4yes (
red | 56 APM | 422 actions | 07:35)
2 Lich
1 Frost Nova
1 Dark Ritual
» actions
| Assign group hotkey | 39 | |
| Basic commands | 19 | |
| Build / train | 22 | |
| ESC pressed | 2 | |
| Enter build submenu | 7 | |
| Enter hero's abilities submenu | 2 | |
| Right click | 143 | |
| Select / deselect | 104 | |
| Select group hotkey | 52 | |
| Use ability | 32 | |
422 total
» units
» buildings
| Crypt | 1 | |
| Ziggurat | 3 | |
| Altar of Darkness | 1 | |
| Tomb of Relics | 1 | |
| Halls of the Dead | 1 | |
7 total
» build order
00:08 Crypt
00:12 Ziggurat
00:46 Altar of Darkness
01:19 Ziggurat
01:44 Tomb of Relics
02:27 Ziggurat
04:12 Halls of the Dead
» items
StripedNebula (
yellow | 35 APM | 267 actions | 07:35)
3 Blademaster
2 Critical Strike
1 Wind Walk
» actions
| Basic commands | 5 | |
| Build / train | 22 | |
| Enter build submenu | 13 | |
| Enter hero's abilities submenu | 3 | |
| Remove unit from queue | 1 | |
| Right click | 126 | |
| Select / deselect | 75 | |
| Use ability | 22 | |
267 total
» units
» upgrades
» buildings
| Barracks | 1 | |
| Orc Burrow | 5 | |
| Altar of Storms | 1 | |
| Voodoo Lounge | 1 | |
| War Mill | 1 | |
| Stronghold | 1 | |
| Beastiary | 2 | |
12 total
» build order
00:12 Barracks
00:24 Orc Burrow
00:33 Altar of Storms
01:35 Orc Burrow
02:32 Voodoo Lounge
02:56 War Mill
03:52 Stronghold
04:23 Orc Burrow
05:26 Orc Burrow
05:32 Orc Burrow
06:20 Beastiary
06:25 Beastiary
» items
diyordie (
orange | 29 APM | 220 actions | 07:32)
1 Crypt Lord
1 Impale
» actions
| Assign group hotkey | 8 | |
| Build / train | 21 | |
| Enter build submenu | 7 | |
| Enter hero's abilities submenu | 1 | |
| Remove unit from queue | 1 | |
| Right click | 53 | |
| Select / deselect | 99 | |
| Select group hotkey | 20 | |
| Use ability | 10 | |
220 total
» units
| Acolyte | 2 | |
| Ghoul | 3 | |
| Crypt Fiend | 6 | |
11 total
» upgrades
| Creature Attack | 1 | |
| Creature Carapace | 1 | |
2 total
» buildings
| Ziggurat | 4 | |
| Altar of Darkness | 1 | |
| Crypt | 1 | |
| Graveyard | 1 | |
| Nerubian Tower | 2 | |
| Halls of the Dead | 2 | |
| Spirit Tower | 1 | |
12 total
» build order
00:43 Ziggurat
00:45 Altar of Darkness
00:51 Crypt
00:59 Graveyard
01:15 Ziggurat
01:41 Ziggurat
01:45 Nerubian Tower
02:34 Nerubian Tower
02:41 Nerubian Tower
04:06 Halls of the Dead
04:27 Ziggurat
06:17 Spirit Tower
NaNTucK (
green | 111 APM | 844 actions | 07:35)
2 Warden
1 Shadow Strike
1 Blink
» actions
| Assign group hotkey | 13 | |
| Basic commands | 30 | |
| Build / train | 41 | |
| Enter build submenu | 10 | |
| Enter hero's abilities submenu | 2 | |
| Remove unit from queue | 3 | |
| Right click | 633 | |
| Select / deselect | 64 | |
| Select group hotkey | 27 | |
| Use ability | 21 | |
844 total
» units
» buildings
| Altar of Elders | 1 | |
| Moon Well | 4 | |
| Ancient of War | 2 | |
| Hunter's Hall | 1 | |
| Ancient Protector | 1 | |
| Tree of Ages | 5 | |
14 total
» build order
00:08 Altar of Elders
00:33 Moon Well
01:09 Ancient of War
01:36 Ancient of War
01:53 Moon Well
02:11 Moon Well
02:45 Hunter's Hall
03:06 Moon Well
04:14 Ancient Protector
05:11 Tree of Ages
05:12 Tree of Ages
05:12 Tree of Ages
team 2 (winner)

»
chuchoelroto (
purple | 33 APM | 248 actions | 07:35)
1 Death Knight
1 Death Coil
» actions
| Assign group hotkey | 18 | |
| Basic commands | 1 | |
| Build / train | 18 | |
| Enter build submenu | 10 | |
| Enter hero's abilities submenu | 1 | |
| Remove unit from queue | 1 | |
| Right click | 59 | |
| Select / deselect | 88 | |
| Select group hotkey | 22 | |
| Use ability | 30 | |
248 total
» units
| Acolyte | 2 | |
| Ghoul | 3 | |
| Crypt Fiend | 4 | |
9 total
» buildings
| Ziggurat | 5 | |
| Altar of Darkness | 1 | |
| Crypt | 1 | |
| Graveyard | 1 | |
| Nerubian Tower | 1 | |
| Tomb of Relics | 1 | |
| Halls of the Dead | 1 | |
| Spirit Tower | 1 | |
| Slaughterhouse | 1 | |
13 total
» build order
00:14 Ziggurat
00:19 Altar of Darkness
00:41 Crypt
01:03 Graveyard
01:28 Ziggurat
01:36 Nerubian Tower
02:01 Tomb of Relics
03:34 Ziggurat
04:03 Halls of the Dead
05:12 Spirit Tower
06:57 Slaughterhouse
07:29 Ziggurat
07:34 Ziggurat
» items
le_nombre (
pink | 39 APM | 293 actions | 07:35)
3 Blademaster
1 Wind Walk
2 Critical Strike
» actions
| Build / train | 18 | |
| Enter build submenu | 6 | |
| Enter hero's abilities submenu | 3 | |
| Right click | 156 | |
| Select / deselect | 85 | |
| Use ability | 25 | |
293 total
» units
| Peon | 5 | |
| Grunt | 4 | |
| Troll Headhunter/Berserker | 1 | |
10 total
» buildings
| Altar of Storms | 1 | |
| Orc Burrow | 2 | |
| Barracks | 1 | |
| Voodoo Lounge | 1 | |
| War Mill | 1 | |
| Stronghold | 1 | |
7 total
» build order
00:08 Altar of Storms
00:10 Orc Burrow
00:32 Barracks
01:38 Voodoo Lounge
01:47 Orc Burrow
02:28 War Mill
03:56 Stronghold
» items
| Healing Salve | 2 | |
| Lesser Clarity Potion | 1 | |
3 total
ChristieForPres (
blue | 34 APM | 259 actions | 07:35)
3 Crypt Lord
2 Carrion Beetles
1 Spiked Carapace
» actions
| Assign group hotkey | 7 | |
| Build / train | 23 | |
| Enter build submenu | 5 | |
| Enter hero's abilities submenu | 3 | |
| Remove unit from queue | 1 | |
| Right click | 112 | |
| Select / deselect | 57 | |
| Select group hotkey | 42 | |
| Use ability | 9 | |
259 total
» units
» upgrades
» buildings
| Crypt | 1 | |
| Ziggurat | 2 | |
| Altar of Darkness | 1 | |
| Graveyard | 1 | |
| Halls of the Dead | 1 | |
| Nerubian Tower | 1 | |
7 total
» build order
00:27 Crypt
00:29 Ziggurat
01:06 Altar of Darkness
01:33 Ziggurat
02:16 Graveyard
02:55 Halls of the Dead
04:04 Nerubian Tower
Mina_TheOne (
teal | 35 APM | 264 actions | 07:35)
1 Death Knight
1 Death Coil
» actions
| Assign group hotkey | 7 | |
| Basic commands | 24 | |
| Build / train | 18 | |
| Enter build submenu | 11 | |
| Enter hero's abilities submenu | 1 | |
| Remove unit from queue | 1 | |
| Right click | 82 | |
| Select / deselect | 95 | |
| Select group hotkey | 3 | |
| Use ability | 22 | |
264 total
» units
| Acolyte | 2 | |
| Ghoul | 2 | |
| Crypt Fiend | 5 | |
9 total
» upgrades
| Creature Attack | 1 | |
| Creature Carapace | 1 | |
2 total
» buildings
| Ziggurat | 5 | |
| Crypt | 2 | |
| Tomb of Relics | 1 | |
| Altar of Darkness | 1 | |
| Graveyard | 1 | |
| Spirit Tower | 2 | |
| Halls of the Dead | 1 | |
13 total
» build order
00:23 Ziggurat
00:29 Crypt
00:57 Tomb of Relics
01:02 Altar of Darkness
01:21 Graveyard
01:57 Crypt
02:24 Ziggurat
03:55 Spirit Tower
05:43 Ziggurat
05:47 Ziggurat
06:15 Ziggurat
06:17 Spirit Tower
06:25 Halls of the Dead
» items
Chat log
(00:17 / Allies) sc2no.wc4yes: im in the rocket seat
(00:34 / Allies) sc2no.wc4yes: that means we will lose
(00:38 / Allies) NaNTucK: k
(00:48 / Allies) NaNTucK: ill get hunts just in case
(01:10 / Allies) sc2no.wc4yes: h8 this nigger map
(01:15 / All) ChristieForPres: boobies
(02:52 / Allies) sc2no.wc4yes: u guys wanna split hit?
(03:09 / Allies) sc2no.wc4yes: well im going
(03:24 / Allies) NaNTucK: im doming
(03:26 / All) NaNTucK: hero
(03:33 / Allies) sc2no.wc4yes: why woudl you say hero
(03:35 / Allies) sc2no.wc4yes: in all chat
(03:44 / Allies) NaNTucK: mistell
(03:54 / Allies) NaNTucK: i meant just my hero coming
(04:06 / Allies) sc2no.wc4yes: lmao
(04:08 / Allies) sc2no.wc4yes: this guy is a moron
(05:16 / Allies) sc2no.wc4yes: you guys suck hard
(05:25 / Allies) sc2no.wc4yes: you just snatched defeat from the jaws of victory
(05:32 / Allies) diyordie: stfu
(06:18 / Allies) sc2no.wc4yes: that guy let me kill every last aco while he teched
(06:22 / Allies) sc2no.wc4yes: then the other one let me kill his whole army
(06:22 / Allies) NaNTucK: i have top
(06:25 / Allies) sc2no.wc4yes: i mean what more can you ask for
(06:39 / Allies) sc2no.wc4yes: rocket seat = lose every time
(06:42 / Allies) sc2no.wc4yes: no matter how bad the enemy is
(06:45 / Allies) sc2no.wc4yes: no matter how good i do
(06:51 / Allies) sc2no.wc4yes: my allies make up for it
(06:53 / All) le_nombre: lol
(07:17 / Allies) StripedNebula: red
(07:24 / Allies) StripedNebula: why being gay like that?
(07:28 / Allies) StripedNebula: dumb ass